MID
ATLANTA (MID) BRAVES @ SOUTH BEND CUBS
07/29/2049
 
TOP OF THE 1ST
Atlanta (MID) Braves batting - Pitching for South Bend Cubs : RHP Scott Hanson
Pitching: RHP Scott Hanson
Batting: LHB Eric Jackson 0-0: Called Strike
0-1: Called Strike
0-2: Ball
1-2: Ground out U3 (Groundball, 34S, EV 66.9 MPH)
Batting: RHB Chris Trites 0-0: Ball
1-0: Called Strike
1-1: Called Strike
1-2: Ball
2-2: Ball
3-2: Base on Balls
Batting: SHB Brett McEwen 0-0: Ball
1-0: Called Strike
1-1: Ball
Chris Trites steals 2nd base
2-1: Ball
3-1: 2-RUN HOME RUN (Flyball, 9D, EV 99.4 MPH), Distance : 388 ft
Batting: LHB Tamaichi Sasada 0-0: Ball
1-0: Ball
2-0: Ball
3-0: Called Strike
3-1: Swinging Strike
3-2: DOUBLE (Line Drive, 9LM, EV 100.6 MPH)
Pitching: RHP Steve Vint
Batting: LHB Ricardo Sandoval 0-0: Ball
1-0: Called Strike
1-1: Foul Ball, location: 2F
1-2: Ball
2-2: Ball
3-2: Base on Balls
Batting: RHB Josh McCormick 0-0: Called Strike
0-1: DOUBLE (Line Drive, 89D, EV 103.1 MPH)
Tamaichi Sasada scores
Ricardo Sandoval to third
Runner from 3rd tries for Home, SAFE, throw by RF to home
Batting: RHB Alex Campos 0-0: Foul Ball, location: 2F
0-1: Foul Ball, location: 2F
0-2: Ball
1-2: Strikes out swinging
Batting: RHB Adonis Jenifer 0-0: Ball
1-0: Ball
2-0: Ball
3-0: Called Strike
3-1: Base on Balls
Batting: RHB George Provance 0-0: Ball
1-0: Ball
Passed Ball!
Josh McCormick to third
Adonis Jenifer to second
2-0: Called Strike
2-1: DOUBLE (Line Drive, 3D, EV 96.9 MPH)
Josh McCormick scores
Adonis Jenifer scores
Pitching: RHP Melvin Orengo
Batting: LHB Eric Jackson 0-0: Ball
1-0: Ball
2-0: DOUBLE (Flyball, 8LXD, EV 101.9 MPH)
George Provance scores
Batting: RHB Chris Trites 0-0: Called Strike
0-1: Ball
1-1: Foul Ball, location: 2F
1-2: Foul Ball, location: 2F
1-2: Foul Ball, location: 2F
1-2: Ball
2-2: SINGLE (Flyball, 78S, EV 94.4 MPH)
Eric Jackson to third
Runner from 3rd tries for Home, SAFE, throw by CF to home
Batting: SHB Brett McEwen 0-0: Foul Ball, location: 2F
0-1: Ball
1-1: Ball
2-1: Called Strike
Chris Trites steals 2nd base
2-2: Foul Ball, location: 2F
2-2: Ball
3-2: Base on Balls
Batting: LHB Tamaichi Sasada 0-0: Ball
1-0: Ball
2-0: Ball
3-0: Called Strike
3-1: Base on Balls
Chris Trites to third
Brett McEwen to second
Pitching: RHP Angel Pesina
Batting: LHB Ricardo Sandoval 0-0: Swinging Strike
0-1: Swinging Strike
0-2: Ball
1-2: Strikes out swinging
Top of the 1st over - 8 runs, 6 hits, 0 errors, 3 left on base; Atlanta (MID) 8 - South Bend 0
BOTTOM OF THE 1ST
South Bend Cubs batting - Pitching for Atlanta (MID) Braves : LHP Jordan Ruiz
Pitching: LHP Jordan Ruiz
Batting: RHB Dan Orozco 0-0: Ball
1-0: Called Strike
1-1: Hit by Pitch
Batting: RHB Adrian Cox 0-0: Ball
1-0: Called Strike
Dan Orozco steals 2nd base (no throw)
1-1: Foul Ball, location: 2F
1-2: Strikes out swinging
Batting: RHB Erik Smith 0-0: Foul Ball, location: 2F
0-1: Swinging Strike
0-2: Ball
1-2: Hit by Pitch
Batting: RHB Mike Stein 0-0: Called Strike
0-1: Called Strike
0-2: Foul Ball, location: 2F
0-2: Strikes out looking
Batting: RHB David Bousfield 0-0: Ball
1-0: SINGLE (Line Drive, 7S, EV 103.1 MPH)
Dan Orozco to third
Erik Smith to second
Batting: RHB Josh Burns 0-0: Called Strike
0-1: Ball
1-1: Foul Ball, location: 2F
1-2: Fly out, F7 (Flyball, 7S, EV 88.1 MPH)
Bottom of the 1st over - 0 runs, 1 hit, 0 errors, 3 left on base; Atlanta (MID) 8 - South Bend 0
TOP OF THE 2ND
Atlanta (MID) Braves batting - Pitching for South Bend Cubs : RHP Angel Pesina
Batting: RHB Josh McCormick 0-0: Swinging Strike
0-1: Ball
1-1: Ball
2-1: SINGLE (Flyball, 89S, EV 84.4 MPH)
Batting: RHB Alex Campos 0-0: Called Strike
0-1: Ball
1-1: Fielders Choice at 2nd, 5-4 (Groundball, 56S, EV 83.8 MPH)
Batting: RHB Adonis Jenifer 0-0: Ball
1-0: Called Strike
1-1: Foul Ball, location: 2F
1-2: Ball
2-2: DOUBLE (Line Drive, 89D, EV 105.0 MPH)
Alex Campos to third
Runner from 3rd tries for Home, SAFE, no throw by CF
Batting: RHB George Provance 0-0: Called Strike
0-1: Called Strike
0-2: Ground out 6-3 (Groundball, 6, EV 88.1 MPH)
Pitching: RHP Andrew Dopp
Batting: LHB Eric Jackson 0-0: Called Strike
0-1: Swinging Strike
0-2: Foul Ball, location: 2F
0-2: Strikes out swinging
Top of the 2nd over - 1 run, 2 hits, 0 errors, 1 left on base; Atlanta (MID) 9 - South Bend 0
BOTTOM OF THE 2ND
South Bend Cubs batting - Pitching for Atlanta (MID) Braves : LHP Jordan Ruiz
Batting: RHB Victor Ramirez 0-0: Foul Ball, location: 2F
0-1: Ball
1-1: Foul Ball, location: 2F
1-2: Ball
2-2: Ball
3-2: Strikes out swinging
Batting: RHB Dave de Wolff 0-0: Ball
1-0: Ball
2-0: Ball
3-0: Called Strike
3-1: Base on Balls
Batting: RHB Ryan Bush 0-0: Called Strike
Dave de Wolff steals 2nd base
0-1: Ball
1-1: Foul Ball, location: 2F
1-2: Strikes out looking
Batting: RHB Dan Orozco 0-0: Ball
1-0: Ball
2-0: Ball
3-0: Called Strike
3-1: Called Strike
3-2: Fly out, F6 (Line Drive, 56, EV 70.6 MPH)
Bottom of the 2nd over - 0 runs, 0 hits, 0 errors, 1 left on base; Atlanta (MID) 9 - South Bend 0
TOP OF THE 3RD
Atlanta (MID) Braves batting - Pitching for South Bend Cubs : RHP Andrew Dopp
Batting: RHB Chris Trites 0-0: Foul Ball, location: 2F
0-1: Foul Ball, location: 2F
0-2: Foul Ball, location: 2F
0-2: SINGLE (Line Drive, 89S, EV 105.0 MPH)
Batting: SHB Brett McEwen 0-0: Ball
1-0: Swinging Strike
1-1: Ball
2-1: Foul Ball, location: 2F
2-2: Ball
3-2: Base on Balls
Chris Trites to second
Batting: LHB Tamaichi Sasada 0-0: Ball
1-0: Ball
2-0: Ball
3-0: Called Strike
3-1: Base on Balls
Chris Trites to third
Brett McEwen to second
Batting: LHB Ricardo Sandoval 0-0: GRAND SLAM HOME RUN (Flyball, 8RXD, EV 117.5 MPH), Distance : 502 ft
Pitching: LHP Mike Hill
Batting: RHB Josh McCormick 0-0: Foul Ball, location: 2F
0-1: Swinging Strike
0-2: Hit by Pitch
Batting: RHB Alex Campos 0-0: Fielders Choice at 2nd, 3-6 (Groundball, 13, EV 85.6 MPH)
Batting: RHB Adonis Jenifer 0-0: Ball
Wild Pitch!
Alex Campos to second
1-0: Foul Ball, location: 2F
1-1: Ball
2-1: Swinging Strike
2-2: Ball
3-2: Foul Ball, location: 2F
3-2: DOUBLE (Flyball, 89D, EV 106.2 MPH)
Alex Campos scores
Batting: RHB George Provance 0-0: Ball
Wild Pitch!
Adonis Jenifer to third
1-0: Ball
2-0: Ball
3-0: Base on Balls
Batting: LHB Eric Jackson 0-0: Ball
Wild Pitch!
Adonis Jenifer scores
George Provance to second
1-0: Ball
2-0: Called Strike
2-1: Ball
3-1: Base on Balls
Batting: RHB Chris Trites 0-0: Foul Ball, location: 2F
0-1: Foul Ball, location: 2F
0-2: Foul Ball, location: 2F
0-2: Ball
1-2: Fly out, F8 (Line Drive, 78D, EV 91.2 MPH)
Pitching: LHP Gilberto Alvarado
Batting: SHB Brett McEwen 0-0: DOUBLE (Flyball, 78XD, EV 102.5 MPH)
George Provance scores
Eric Jackson to third
Runner from 3rd tries for Home, SAFE, no throw by CF
Batting: LHB Tamaichi Sasada 0-0: Ball
1-0: Called Strike
1-1: Fly out, F6 (Popup, 6S, EV 70.6 MPH)
Top of the 3rd over - 8 runs, 4 hits, 0 errors, 1 left on base; Atlanta (MID) 17 - South Bend 0
BOTTOM OF THE 3RD
South Bend Cubs batting - Pitching for Atlanta (MID) Braves : LHP Jordan Ruiz
Batting: RHB Adrian Cox 0-0: Called Strike
0-1: Foul Ball, location: 2F
0-2: Strikes out swinging, 2-3 out at first.
Batting: RHB Erik Smith 0-0: Called Strike
0-1: Called Strike
0-2: Foul Ball, location: 2F
0-2: Ball
1-2: Strikes out swinging
Batting: RHB Mike Stein 0-0: Foul Ball, location: 2F
0-1: Ball
1-1: Foul Ball, location: 2F
1-2: Ball
2-2: Strikes out swinging
Bottom of the 3rd over - 0 runs, 0 hits, 0 errors, 0 left on base; Atlanta (MID) 17 - South Bend 0
TOP OF THE 4TH
Atlanta (MID) Braves batting - Pitching for South Bend Cubs : LHP Gilberto Alvarado
Batting: LHB Ricardo Sandoval 0-0: Ball
1-0: Swinging Strike
1-1: Ball
2-1: Ball
3-1: Base on Balls
Batting: RHB Josh McCormick 0-0: Called Strike
0-1: Ball
1-1: Ball
2-1: Ball
3-1: Grounds into double play, 6-4-3 (Groundball, 6D, EV 106.2 MPH)
Batting: RHB Alex Campos 0-0: Ball
1-0: Ball
2-0: Foul Ball, location: 2F
2-1: Ball
3-1: Base on Balls
Batting: RHB Adonis Jenifer 0-0: Called Strike
0-1: Ball
1-1: Foul Ball, location: 2F
1-2: Strikes out swinging
Top of the 4th over - 0 runs, 0 hits, 0 errors, 1 left on base; Atlanta (MID) 17 - South Bend 0
BOTTOM OF THE 4TH
South Bend Cubs batting - Pitching for Atlanta (MID) Braves : LHP Jordan Ruiz
Batting: RHB David Bousfield 0-0: Called Strike
0-1: Foul Ball, location: 2F
0-2: Foul Ball, location: 2F
0-2: Foul Ball, location: 2F
0-2: Strikes out swinging
Batting: RHB Josh Burns 0-0: Ball
1-0: Ball
2-0: Swinging Strike
2-1: Foul Ball, location: 2F
2-2: Strikes out looking
Batting: RHB Victor Ramirez 0-0: Ground out 4-3 (Groundball, 4, EV 85.6 MPH)
Bottom of the 4th over - 0 runs, 0 hits, 0 errors, 0 left on base; Atlanta (MID) 17 - South Bend 0
TOP OF THE 5TH
Atlanta (MID) Braves batting - Pitching for South Bend Cubs : LHP Gilberto Alvarado
Batting: RHB George Provance 0-0: Ball
1-0: Ball
2-0: Called Strike
2-1: Foul Ball, location: 2F
2-2: Ball
3-2: Base on Balls
Batting: LHB Eric Jackson 0-0: Foul Ball, location: 2F
0-1: Called Strike
0-2: Fly out, F8 (Flyball, 8LXD, EV 92.5 MPH)
Runner from 1st tags up, SAFE at 2nd
Batting: RHB Chris Trites 0-0: Ball
1-0: Ball
Wild Pitch!
George Provance to third
2-0: DOUBLE (Flyball, 8LXD, EV 99.4 MPH)
George Provance scores
Batting: SHB Brett McEwen 0-0: Ball
1-0: Called Strike
1-1: Called Strike
1-2: Foul Ball, location: 2F
1-2: SINGLE (Flyball, 56D, EV 95.0 MPH)
Chris Trites to third
Batting: LHB Tamaichi Sasada 0-0: Ball
1-0: Grounds into double play, 1-6-3 (Groundball, P, EV 61.2 MPH)
Top of the 5th over - 1 run, 2 hits, 0 errors, 1 left on base; Atlanta (MID) 18 - South Bend 0
BOTTOM OF THE 5TH
South Bend Cubs batting - Pitching for Atlanta (MID) Braves : LHP Jordan Ruiz
Batting: RHB Dave de Wolff 0-0: Foul Ball, location: 2F
0-1: SINGLE (Groundball, 56D, EV 101.2 MPH)
Batting: RHB Ryan Bush 0-0: Ball
Dave de Wolff steals 2nd base
1-0: Called Strike
1-1: Foul Ball, location: 2F
1-2: Strikes out looking
Batting: RHB Dan Orozco 0-0: Called Strike
Dave de Wolff steals 3rd base
0-1: Swinging Strike
0-2: Ball
1-2: Strikes out swinging
Batting: RHB Adrian Cox 0-0: Called Strike
0-1: Fly out, F9 (Flyball, 9D, EV 102.5 MPH)
Bottom of the 5th over - 0 runs, 1 hit, 0 errors, 1 left on base; Atlanta (MID) 18 - South Bend 0
TOP OF THE 6TH
Atlanta (MID) Braves batting - Pitching for South Bend Cubs : LHP Gilberto Alvarado
Batting: LHB Ricardo Sandoval 0-0: Ball
1-0: Ball
2-0: Ball
3-0: Base on Balls
Batting: RHB Josh McCormick 0-0: Ball
1-0: DOUBLE (Line Drive, 3D, EV 93.8 MPH)
Ricardo Sandoval to third
Batting: RHB Alex Campos 0-0: Ball
1-0: Ball
2-0: Swinging Strike
2-1: Foul Ball, location: 2F
2-2: Ball
3-2: SINGLE (Line Drive, 89S, EV 108.8 MPH)
Ricardo Sandoval scores
Josh McCormick to third
Batting: RHB Adonis Jenifer 0-0: Swinging Strike
0-1: Ball
1-1: Ball
2-1: Foul Ball, location: 2F
2-2: Foul Ball, location: 2F
2-2: Ball
3-2: Foul Ball, location: 2F
3-2: Grounds into double play, 3-6-1 (Groundball, 3, EV 85.6 MPH)
Josh McCormick scores
Batting: RHB George Provance 0-0: SINGLE (Groundball, 56, EV 102.5 MPH) (infield hit)
Pinch Runner at 1st Andres Aldape:
Batting: LHB Eric Jackson 0-0: Ball
1-0: Ball
2-0: Ball
3-0: Base on Balls
Andres Aldape to second
Batting: RHB Chris Trites 0-0: 3-RUN HOME RUN (Flyball, 78XD, EV 105.6 MPH), Distance : 420 ft
Batting: SHB Brett McEwen 0-0: Ground out 6-3 (Groundball, 6, EV 82.5 MPH)
Top of the 6th over - 5 runs, 4 hits, 0 errors, 0 left on base; Atlanta (MID) 23 - South Bend 0
BOTTOM OF THE 6TH
South Bend Cubs batting - Pitching for Atlanta (MID) Braves : LHP Jordan Ruiz
Now at 2B: Nick Holsinger
Batting: RHB Erik Smith 0-0: Ball
1-0: Called Strike
1-1: Called Strike
1-2: Ball
2-2: Foul Ball, location: 2F
2-2: Foul Ball, location: 2F
2-2: Ball
3-2: SINGLE (Line Drive, 89S, EV 105.0 MPH)
Batting: RHB Mike Stein 0-0: Called Strike
0-1: Ball
1-1: Ball
2-1: Fly out, F9 (Flyball, 89S, EV 93.1 MPH)
Batting: RHB David Bousfield 0-0: Ball
1-0: Fielders Choice at 2nd, 6-4 (Groundball, 6, EV 109.4 MPH)
Batting: RHB Josh Burns 0-0: Ball
1-0: Ball
2-0: Ball
3-0: Base on Balls
David Bousfield to second
Batting: RHB Victor Ramirez 0-0: Called Strike
0-1: Ball
1-1: Ball
2-1: Fly out, F7 (Flyball, 7S, EV 84.4 MPH)
Bottom of the 6th over - 0 runs, 1 hit, 0 errors, 2 left on base; Atlanta (MID) 23 - South Bend 0
TOP OF THE 7TH
Atlanta (MID) Braves batting - Pitching for South Bend Cubs : LHP Gilberto Alvarado
Batting: LHB Tamaichi Sasada 0-0: Swinging Strike
0-1: Called Strike
0-2: Ball
1-2: Ball
2-2: Ground out 4-3 (Groundball, 4, EV 81.2 MPH)
Batting: LHB Ricardo Sandoval 0-0: Ball
1-0: Ball
2-0: TRIPLE (Line Drive, 7D, EV 104.4 MPH)
Batting: RHB Josh McCormick 0-0: DOUBLE (Line Drive, 89M, EV 110.6 MPH)
Ricardo Sandoval scores
Batting: RHB Alex Campos 0-0: Ground out 6-3 (Groundball, 6, EV 102.5 MPH)
Batting: RHB Adonis Jenifer 0-0: Ball
1-0: Ground out U3 (Groundball, 34, EV 85.6 MPH)
Top of the 7th over - 1 run, 2 hits, 0 errors, 1 left on base; Atlanta (MID) 24 - South Bend 0
BOTTOM OF THE 7TH
South Bend Cubs batting - Pitching for Atlanta (MID) Braves : LHP Jordan Ruiz
Pitching: RHP Andrew Hodges
Batting: RHB Dave de Wolff 0-0: Ball
1-0: Ball
2-0: Ball
3-0: Base on Balls
Batting: RHB Ryan Bush 0-0: Called Strike
0-1: Ball
Dave de Wolff steals 2nd base (no throw)
1-1: Ball
2-1: Ball
3-1: Ground out 6-3 (Groundball, 6, EV 91.2 MPH)
Batting: RHB Dan Orozco 0-0: Ball
Dave de Wolff steals 3rd base
1-0: Foul Ball, location: 2F
1-1: Foul Ball, location: 2F
1-2: Ball
2-2: Strikes out swinging
Batting: RHB Adrian Cox 0-0: Ball
1-0: Ball
2-0: Foul Ball, location: 2F
2-1: Ball
3-1: Called Strike
3-2: Strikes out looking
Bottom of the 7th over - 0 runs, 0 hits, 0 errors, 1 left on base; Atlanta (MID) 24 - South Bend 0
TOP OF THE 8TH
Atlanta (MID) Braves batting - Pitching for South Bend Cubs : LHP Gilberto Alvarado
Batting: RHB Nick Holsinger 0-0: Ball
1-0: Ball
2-0: Ball
3-0: Base on Balls
Batting: LHB Eric Jackson 0-0: Ball
1-0: SINGLE (Line Drive, 89M, EV 90.0 MPH)
Nick Holsinger to second
Runner from 2nd tries for 3rd, SAFE, throw by CF made to third
Eric Jackson to second
Batting: RHB Chris Trites 0-0: Called Strike
0-1: Swinging Strike
0-2: Ball
1-2: Foul Ball, location: 2RF, Error on foul ball, E2
1-2: Ball
2-2: Ball
3-2: Base on Balls
Pinch Hitting: RHB Mike Bergin 0-0: Ball
1-0: Foul Ball, location: 2F
1-1: Ball
2-1: Ball
3-1: Base on Balls
Nick Holsinger scores
Eric Jackson to third
Chris Trites to second
Batting: LHB Tamaichi Sasada 0-0: DOUBLE (Line Drive, 78XD, EV 103.1 MPH)
Eric Jackson scores
Chris Trites scores
Mike Bergin to third
Batting: LHB Ricardo Sandoval 0-0: Foul Ball, location: 2F
0-1: Ball
1-1: Ground out 3-1 (Groundball, 34, EV 86.9 MPH)
Mike Bergin scores
Tamaichi Sasada to third
Batting: RHB Josh McCormick 0-0: Ball
1-0: Foul Ball, location: 2F
1-1: Ball
2-1: Foul Ball, location: 2F
2-2: Ball
3-2: Base on Balls
Batting: RHB Alex Campos 0-0: TRIPLE (Groundball, 5L, EV 105.6 MPH)
Tamaichi Sasada scores
Josh McCormick scores
Batting: RHB Adonis Jenifer 0-0: Fly out, F7 (Flyball, 7, EV 91.2 MPH)
Batting: RHB Nick Holsinger 0-0: Fly out, F4 (Line Drive, 4, EV 68.8 MPH)
Top of the 8th over - 6 runs, 3 hits, 1 error, 1 left on base; Atlanta (MID) 30 - South Bend 0
BOTTOM OF THE 8TH
South Bend Cubs batting - Pitching for Atlanta (MID) Braves : RHP Andrew Hodges
Now at 1B: Terry Hughes
Batting: RHB Erik Smith 0-0: Ball
1-0: Ground out 6-3 (Groundball, P, EV 87.5 MPH)
Batting: RHB Mike Stein 0-0: Called Strike
0-1: SINGLE (Line Drive, 89S, EV 109.4 MPH)
Batting: RHB David Bousfield 0-0: Fielders Choice at 2nd, 3-6 (Groundball, 3S, EV 78.8 MPH)
Batting: RHB Josh Burns 0-0: Ball
1-0: Ball
2-0: Ball
3-0: Base on Balls
David Bousfield to second
Batting: RHB Victor Ramirez 0-0: Ball
1-0: Called Strike
1-1: Fielders Choice at 2nd, 5-4 (Groundball, 56, EV 86.2 MPH)
Bottom of the 8th over - 0 runs, 1 hit, 0 errors, 2 left on base; Atlanta (MID) 30 - South Bend 0
TOP OF THE 9TH
Atlanta (MID) Braves batting - Pitching for South Bend Cubs : LHP Gilberto Alvarado
Batting: LHB Eric Jackson 0-0: DOUBLE (Flyball, 8LXD, EV 98.1 MPH)
Batting: RHB Chris Trites 0-0: Fly out, F8 (Line Drive, 8RM, EV 110.0 MPH)
Batting: RHB Terry Hughes 0-0: Ball
1-0: Called Strike
1-1: Foul Ball, location: 2F
1-2: SINGLE (Flyball, 3D, EV 94.4 MPH)
Eric Jackson to third
Batting: LHB Tamaichi Sasada 0-0: Fly out, F6 (Popup, 6MS, EV 68.1 MPH)
Batting: LHB Ricardo Sandoval 0-0: Ground out 4-3 (Groundball, 4, EV 88.1 MPH)
Top of the 9th over - 0 runs, 2 hits, 0 errors, 2 left on base; Atlanta (MID) 30 - South Bend 0
BOTTOM OF THE 9TH
South Bend Cubs batting - Pitching for Atlanta (MID) Braves : RHP Andrew Hodges
Batting: RHB Dave de Wolff 0-0: Ball
1-0: Called Strike
1-1: Ground out 6-3 (Groundball, 6, EV 93.1 MPH)
Batting: RHB Ryan Bush 0-0: Called Strike
0-1: Called Strike
0-2: Strikes out swinging
Batting: RHB Dan Orozco 0-0: Foul Ball, location: 2F
0-1: Ball
1-1: Ball
2-1: Fly out, F8 (Flyball, 8LD, EV 106.9 MPH)
Bottom of the 9th over - 0 runs, 0 hits, 0 errors, 0 left on base; Atlanta (MID) 30 - South Bend 0
Sunday, July 16th , 2023 - OOTP Baseball 24.6 Build 69